 Dungeon Crawl Stone Soup version 0.17-a0-1949-g1acca9a (webtiles) character file.

23 Rayvin the Sneak (level 2, 0/20 HPs)
             Began as an Octopode Assassin on Oct 2, 2015.
             Slain by Sigmund
             ... wielding a +0 scythe
              (6 damage)
             ... on level 2 of the Dungeon.
             The game lasted 00:04:25 (810 turns).

Rayvin the Sneak (Octopode Assassin)                 Turns: 810, Time: 00:04:25

Health: 0/20       AC:  1    Str: 15    XL:     2   Next: 95%
Magic:  2/2        EV: 12    Int: 13    God:
Gold:   51         SH:  0    Dex: 13    Spells: 0 memorised, 1 level left

rFire  . . .     SeeInvis .     a - +2 dagger
rCold  . . .     Clarity  .     (no shield)
rNeg   . . .     SustAt   .     (helmet restricted)
rPois  .         Gourm    .     (no amulet)
rElec  .         Spirit   .     (no ring)
rCorr  .         Warding  .     (no ring)
rMut   .         Stasis   .     (no ring)
MR     .....                    (no ring)
Stlth  ++........               (no ring)
                                (no ring)
                                (no ring)
                                (no ring)

@: confused, mighty, not resistant to hostile enchantments, unstealthy
A: almost no armour, amphibious, 8 rings, constrict 8, tentacle spike 1,
camouflage 1, gelatinous body 1
a: no special abilities


You were on level 2 of the Dungeon.
You were not hungry.

You visited 1 branch of the dungeon, and saw 2 of its levels.

You collected 51 gold pieces.

Inventory:

Hand weapons
 a - a +2 dagger (weapon)
 b - a +0 blowgun
Missiles
 c - 8 poisoned needles
 d - 2 curare-tipped needles
 m - 11 arrows of frost (quivered)
Scrolls
 f - a scroll of teleportation {unknown}
 g - 4 scrolls of remove curse {unknown}
Comestibles
 e - 2 bread rations
 h - 4 fruits
 k - 2 meat rations


   Skills:
 + Level 2.4 Fighting
 + Level 2.2 Short Blades
 + Level 2.0 Throwing
 + Level 1.2 Dodging
 + Level 5.9 Stealth


You had one spell level left.
You didn't know any spells.

Dungeon Overview and Level Annotations

Branches:
Dungeon (2/15)

Altars:

Annotations:
D:2 Sigmund


Innate Abilities, Weirdness & Mutations

You cannot wear most types of armour.
You are amphibious.
You can wear up to eight rings at the same time.
You can use your tentacles to constrict eight enemies at once.
Your skin changes colour to match your surroundings (Stealth).
Your rubbery body absorbs attacks (AC +1).
One of your tentacles bears a spike.


Message History

Sigmund zaps a wand.
You are more confused.
Sigmund zaps a wand.
You resist with significant effort. Sigmund gestures at you while chanting.
The puff of flame hits you!
* * * LOW HITPOINT WARNING * * *
You're too confused to move!
Sigmund zaps a wand.
You are more confused.
Sigmund zaps a wand.
You are more confused.
Drink which item? (? for menu, Esc to quit)
It was a potion of beneficial mutation.
One of your lower tentacles grows a sharp spike.
You feel fantastic! Sigmund closely misses you.
Sigmund casts a spell.
Sigmund flickers and vanishes!
Deactivating autopickup; reactivate with Ctrl-A.
Something hits you.
You die...

....##.#....##.#.##........#...!.
.......#.....#.#...........#.....
.................................
.......#.........#######.......#.
.##..#......###.##.#####.......#.
..............<..................
.#..##........#..................
.#............#..................
...##.......#...@.{..............
.##........##.#..........#.......
.##........##.#..........#.......
.##........##............##.###..
..#........###...........# $# ..
..#..........#.#.........#
...###...###.#.#..........
#....#...# #...............
...#.#.†.# ##............


There were no monsters in sight!

Vanquished Creatures
  A giant gecko (D:1)
  A ball python (D:1)
  4 goblins
  3 hobgoblins (D:1)
  A kobold (D:1)
  5 bats
  A giant newt (D:2)
  2 jackals (D:1)
  2 rats (D:1)
20 creatures vanquished.

Notes
Turn   | Place    | Note
--------------------------------------------------------------
     0 | D:1      | Rayvin the Octopode Assassin began the quest for the Orb.
     0 | D:1      | Reached XP level 1. HP: 14/14 MP: 1/1
   173 | D:1      | Reached XP level 2. HP: 17/19 MP: 2/2
   770 | D:2      | Noticed Sigmund
   806 | D:2      | Gained mutation: One of your tentacles bears a spike. [potion of beneficial mutation]
   810 | D:2      | Slain by Sigmund

Vault maps used:
D:1:      minmay_arrival_doors
D:2:      yredelemnul_altar_generic, uniq_iyjb, uniq_sigmund

Action                   || total
-------------------------++-------
Melee: Dagger            ||    37
  Use: Scroll            ||     1
       Potion            ||     3
 Stab: Sleeping          ||     5
